 Dungeon Crawl Stone Soup version 0.24.0-37-gcf1ca852f1 (webtiles) character file.

Game seed: 995899033959905289, levelgen mode: deterministic

40 Descartes the Scratcher (level 3, -7/15 HPs)
             Began as a Felid Transmuter on Nov 26, 2019.
             Mangled by a worm (10 damage)
             ... on level 2 of the Dungeon.
             The game lasted 00:03:48 (2227 turns).

Descartes the Scratcher (Felid Transmuter)          Turns: 2227, Time: 00:03:49

Health: -7/15      AC:  1    Str:  6    XL:     3   Next: 30%
Magic:  7/7        EV: 18    Int: 15    God:
Gold:   49         SH:  0    Dex: 16    Spells: 5/6 levels left
                                        Lives:  0   Deaths: 0

rFire    . . .     SeeInvis +     - Unarmed
rCold    . . .     Gourm    .   (shield unavailable)
rNeg     . . .     Faith    .   (armour unavailable)
rPois    .         Spirit   .   (helmet unavailable)
rElec    .         Reflect  .   (cloak unavailable)
rCorr    .         Harm     .   (gloves unavailable)
MR       .....                  (boots unavailable)
Stlth    +++.......             d - amulet of magic regeneration
HPRegen  0.05/turn              (no ring)
MPRegen  0.35/turn              (no ring)

@: quick
A: very small, no armour, no weapons or thrown items, stealth, claws 1, fangs 3,
see invisible, carnivore, speed 1, shaggy fur 1, slow metabolism 1, sharp paws
a: no special abilities


You were on level 2 of the Dungeon.
You were completely stuffed.

You visited 1 branch of the dungeon, and saw 2 of its levels.

You collected 49 gold pieces.

Inventory:

Missiles
 a - 28 arrows
 b - 52 stones
Jewellery
 d - an amulet of magic regeneration (around neck)
Scrolls
 e - 2 scrolls of identify {unknown}
 f - a scroll of magic mapping {unknown}
 i - a scroll of remove curse {unknown}
 j - a scroll of random uselessness {unknown}
 k - a scroll of noise {unknown}
Potions
 g - a potion of magic {unknown}
Comestibles
 c - 2 rations
 h - a chunk of flesh


   Skills:
 + Level 1.4 Fighting
 + Level 3.1 Dodging
 * Level 2.2 Stealth
 * Level 3.3 Unarmed Combat
 + Level 2.1 Spellcasting
 + Level 2.5 Transmutations


You had 5 spell levels left.
You knew the following spells:

 Your Spells              Type           Power        Failure   Level  Hunger
a - Beastly Appendage     Tmut           #.....       8%          1    #......

Your spell library contained the following spells:

 Spells                   Type           Power        Failure   Level  Hunger
 Sticks to Snakes         Tmut           #.......     12%         2    ###....
 Spider Form              Tmut/Pois      #.........   36%         3    ###....
 Ice Form                 Ice/Tmut       #.......     78%         4    #####..
 Blade Hands              Tmut           #.........   91%         5    ######.


Dungeon Overview and Level Annotations

Branches:
Dungeon (2/15)

Altars:


Innate Abilities, Weirdness & Mutations

You cannot wear armour.
You are incapable of wielding weapons or throwing items.
Your paws allow you to move quietly. (Stealth)
You have sharp claws.
You have razor-sharp teeth.
You have supernaturally acute eyesight. (SInv)
You are carnivorous and can eat meat at any time.
You cover ground quickly.
You are covered in fur. (AC +1)
You have a slow metabolism.
Your sharp claws are effective at attacking unaware monsters.


Message History

Things that are here:
a jackal corpse x2
You scratch the worm.
The worm is lightly wounded.
You scratch the worm but do no damage.
The worm is lightly wounded.
The worm barely misses you.
You scratch the worm. You bite the worm.
The worm is moderately wounded.
You scratch the worm.
The worm is moderately wounded.
The worm bites you.
* * * LOW HITPOINT WARNING * * *
You scratch the worm.
The worm is severely wounded.
You scratch the worm.
The worm is almost dead.
The worm bites you!
Ouch! That really hurt!
You die...

### ### ### ###.#####.# ####.#
..#.......# #....# #.##.####.#
#.##.# #.##.# #.# #.##.#
#.##.####.# #.##.# #.........#
#.##.# ####.###### #.##.# #.#
#.##@################ ####.#
#.##w#...............
...#.########.##h#.#############.
...................h...w..>......
.................................
...##########.##)##############..
....#########.##.# #..
.............(.#.# ...
....############.#


.hh You could see a worm and a jackal.

Vanquished Creatures
  An adder (D:2)
  An ooze (D:1)
  A dart slug (D:1)
  A ball python (D:2)
  3 bats
  2 giant cockroaches (D:1)
  2 goblins (D:1)
  2 hobgoblins (D:1)
  4 jackals
  A frilled lizard (D:1)
  2 kobolds
  3 rats (D:1)
23 creatures vanquished.

Notes
Turn   | Place    | Note
-------+----------+-------------------------------------------
     0 | D:1      | Descartes the Felid Transmuter began the quest for the Orb.
     0 | D:1      | Reached XP level 1. HP: 9/9 MP: 4/4
   324 | D:1      | Reached skill level 1 in Stealth
   564 | D:1      | Reached XP level 2. HP: 12/12 MP: 6/6
  2003 | D:2      | Reached XP level 3. HP: 15/15 MP: 7/7
  2227 | D:2      | Mangled by a worm

Levels and vault maps discovered:
D:1:      minmay_arrival_four_loops, layout_loops_ring
D:2:      layout_basic, minmay_heptomino_o4

Skill      XL: |  1  2 |
---------------+-------+-----
Stealth        | 1 2 |  2.2
Dodging        | 3 |  3.1
Fighting       | |  1.4
Unarmed Combat | |  3.3
Spellcasting   | |  2.1
Transmutations | |  2.5

Action                   || total
-------------------------++-------
Melee: Unarmed           ||    80
       Bite              ||     4
 Stab: Sleeping          ||     6
  Eat: Chunk             ||    10
Armor: Skin              ||     4
Dodge: Dodged            ||    56
